 Dungeon Crawl Stone Soup version 0.17-a0-802-g1f09329 (webtiles) character file.

71 namelastname112 the Vexing (level 4, -2/33 HPs)
             Began as a Draconian Enchanter on Apr 26, 2015.
             Slain by a sky beast (5 damage)
             ... on level 4 of the Dungeon.
             The game lasted 00:03:46 (1867 turns).

namelastname112 the Vexing (Draconian Enchanter)    Turns: 1867, Time: 00:03:46

Health: -2/33      AC:  5    Str: 11    XL:     4   Next: 5%
Magic:  5/8        EV: 12    Int: 15    God:
Gold:   55         SH:  0    Dex: 12    Spells: 3 memorised, 2 levels left

rFire  . . .     SeeInvis .     a - +1 dagger
rCold  . . .     Clarity  .     (armour unavailable)
rNeg   . . .     SustAb   .     (no shield)
rPois  .         Gourm    .     (helmet restricted)
rElec  .         Spirit   .     (no cloak)
rCorr  .         Warding  .     (no gloves)
rMut   .         Stasis   .     (no boots)
MR     .....                    (no amulet)
Stlth  ++........               (no ring)
                                (no ring)

@: drained, not resistant to hostile enchantments, unstealthy
A: unfitting armour, cold-blooded, AC +5
a: no special abilities


You were on level 4 of the Dungeon.
You were near starving.

You visited 1 branch of the dungeon, and saw 4 of its levels.

You collected 55 gold pieces.

Inventory:

Hand weapons
 a - a +1 dagger (weapon)
Missiles
 k - 4 silver javelins (quivered)
Scrolls
 d - a scroll of teleportation {unknown}
 e - a scroll of enchant armour {unknown}
 f - a scroll of magic mapping {unknown}
 l - a scroll of enchant weapon {unknown}
Potions
 g - a potion of beneficial mutation {unknown}
 h - a potion of heal wounds {unknown}
 i - a potion of invisibility {unknown}
 j - 2 potions of might {unknown}
 m - a potion of curing {unknown}
Books
 b - a book of Maledictions

   Spells                             Type                      Level
   a - Corona                         Hexes                        1
   b - Ensorcelled Hibernation        Hexes/Ice                    2
   c - Confuse                        Hexes                        3
   d - Tukima's Dance                 Hexes                        3
   e - Dazzling Spray                 Conjuration/Hexes            3
Comestibles
 c - a bread ration


   Skills:
 + Level 2.0(1.7) Short Blades
 - Level 1.7(1.4) Dodging
 + Level 3.1(2.8) Stealth
 + Level 2.6(2.3) Spellcasting
 + Level 3.3(3.0) Hexes


You had 2 spell levels left.
You knew the following spells:

 Your Spells              Type           Power        Failure   Level  Hunger
a - Corona                Hex            ##.....      8%          1    #......
b - Tukima's Dance        Hex            ##......     21%         3    ###....
z - Ensorcelled Hibernat  Hex/Ice        #.....       17%         2    ###....


Dungeon Overview and Level Annotations

Branches:
Dungeon (4/15)
 Temple: D:4-7

Altars:

Annotations:
D:3 namelastname112's ghost, average DrEn


Innate Abilities, Weirdness & Mutations

Your plain brown scales are hard (AC +5).
Your body does not fit into most forms of armour.
You are cold-blooded and may be slowed by cold attacks.


Message History

Aim: a sky beast (chance 46%)
The sky beast is outlined in light.
The orc misses you. The orc hits you with a mace.
There is an open door here.
The orc hits you with a mace. The sky beast hits you.
* * * LOW HITPOINT WARNING * * *
The sky beast shocks you.
* * * LOW HITPOINT WARNING * * *
There is an open door here.
Unknown command.
Casting: Corona
Confirm with . or Enter, or press ? or * to list all spells.
Aiming: Tukima's Dance
Press: ? - help, Shift-Dir - straight line, f/p - sky beast
Aim: a sky beast (softly glowing, chance 59%)
The sky beast's front feet twitch.
The sky beast stops glowing.
The sky beast hits you.
* * * LOW HITPOINT WARNING * * *
The sky beast shocks you.
You die...

#########################
#......#.................
#......#.................
#......#.................
#.....oY@................
#.....##...#####'####..##
#.....####+####...### #
#.....##...#...)....#
#.[...##...#........#
#......#...#........#
!........+...#.<......+
...........#...#........#
...........#...'.......##


You could see a sky beast and an orc.

Vanquished Creatures
  A worker ant (D:4)
  An adder (D:2)
  A worm (D:3)
  An orc (D:3)
  2 bats
  5 goblins
  3 hobgoblins
  3 jackals (D:1)
  A quokka (D:3)
  2 giant geckos
  6 giant newts
  6 kobolds
  5 rats
37 creatures vanquished.

Notes
Turn   | Place    | Note
--------------------------------------------------------------
     0 | D:1      | namelastname112, the Draconian Enchanter, began the quest for the Orb.
     0 | D:1      | Reached XP level 1. HP: 14/14 MP: 3/3
   322 | D:1      | Reached XP level 2. HP: 17/20 MP: 3/5
   326 | D:1      | Learned a level 2 spell: Ensorcelled Hibernation
   593 | D:1      | Reached skill level 3 in Hexes
   972 | D:2      | Reached XP level 3. HP: 18/26 MP: 1/6
  1260 | D:2      | Learned a level 3 spell: Tukima's Dance
  1466 | D:3      | Noticed namelastname112's ghost (average DrEn)
  1628 | D:4      | Reached XP level 4. HP: 17/33 MP: 2/8
  1837 | D:4      | Noticed a phantom
  1854 | D:4      | Noticed a sky beast
  1867 | D:4      | Slain by a sky beast

Action                   |  1- 3 |  4- 6 || total
-------------------------+-------+-------++-------
Melee: Dagger            |   113 |    11 ||   124
 Cast: Corona            |     2 |     1 ||     3
       Ensorcelled Hiber |    11 |     1 ||    12
       Tukima's Dance    |     5 |     1 ||     6
 Stab: Sleeping          |     9 |     1 ||    10
  Eat: Chunk             |     3 |       ||     3
